BSA
HOUSTON MARSHALS @ AUSTIN RIVER SHARKS
09/29/2030
 
TOP OF THE 1ST
Houston Marshals batting - Pitching for Austin River Sharks : RHP Carlos Hernández
Pitching: RHP Carlos Hernández
Batting: RHB Javier Rentería 0-0: Called Strike
0-1: Ball
1-1: Ball
2-1: Foul Ball, location: 2F
2-2: Strikes out swinging
Batting: LHB Sammy Marshall 0-0: Fly out, F8 (Flyball, 8LM)
Batting: SHB Juan Gómez 0-0: Ball
1-0: Foul Ball, location: 2F
1-1: Ball
2-1: Swinging Strike
2-2: Fly out, F8 (Flyball, 8LM)
Top of the 1st over - 0 runs, 0 hits, 0 errors, 0 left on base; Houston 0 - Austin 0
BOTTOM OF THE 1ST
Austin River Sharks batting - Pitching for Houston Marshals : LHP Stanley Inman
Pitching: LHP Stanley Inman
Batting: SHB Ramiro Medrano 0-0: Fly out, F9 (Line Drive, 9LD)
Batting: RHB Richard Coker 0-0: Foul Ball, location: 2F
0-1: Ball
1-1: Foul Ball, location: 2F
1-2: Foul Ball, location: 2F
1-2: Fly out, F4 (Line Drive, 4)
Batting: RHB Andy Aiton 0-0: Ball
1-0: Ball
2-0: Ball
3-0: Called Strike
3-1: Base on Balls
Batting: RHB Paul Swift 0-0: Ball
1-0: Fielders Choice at 2nd, 5-4 (Groundball, 56)
Bottom of the 1st over - 0 runs, 0 hits, 0 errors, 1 left on base; Houston 0 - Austin 0
TOP OF THE 2ND
Houston Marshals batting - Pitching for Austin River Sharks : RHP Carlos Hernández
Batting: SHB Álex Rosado 0-0: Called Strike
0-1: Ball
1-1: Ball
2-1: Swinging Strike
2-2: Reached on error, E6 (Groundball, 6M)
Batting: RHB Esteban Lara 0-0: Ball
1-0: Called Strike
1-1: Ball
2-1: Fly out, F9 (Flyball, 89S)
Batting: RHB Marvin Johnson 0-0: Ball
1-0: Ball
2-0: Foul Ball, location: 2F
2-1: Foul Ball, location: 2F
2-2: Ball
3-2: Strikes out looking
Batting: LHB Bernardo Morales 0-0: Ball
1-0: Swinging Strike
1-1: Ground out U3 (Groundball, 3S)
Top of the 2nd over - 0 runs, 0 hits, 1 error, 1 left on base; Houston 0 - Austin 0
BOTTOM OF THE 2ND
Austin River Sharks batting - Pitching for Houston Marshals : LHP Stanley Inman
Batting: RHB Tony Cruz 0-0: Called Strike
0-1: Ball
1-1: Swinging Strike
1-2: Ball
2-2: Ball
3-2: Ground out 6-3 (Groundball, 6)
Batting: RHB Tom Rowe 0-0: Foul Ball, location: 2F
0-1: Ball
1-1: Ball
2-1: Ball
3-1: Base on Balls
Batting: LHB Enrico Vargas 0-0: Swinging Strike
0-1: Foul Ball, location: 2F
0-2: 2-RUN HOME RUN (Flyball, 89XD), Distance : 400 ft
Batting: LHB José Liñares 0-0: Ground out 6-3 (Groundball, 6)
Batting: LHB Dave Watt 0-0: SINGLE (Flyball, 8LS)
Batting: SHB Ramiro Medrano 0-0: Ball
1-0: Ball
2-0: Foul Ball, location: 2F
2-1: Ball
3-1: Fly out, F9 (Line Drive, 9LM)
Bottom of the 2nd over - 2 runs, 2 hits, 0 errors, 1 left on base; Houston 0 - Austin 2
TOP OF THE 3RD
Houston Marshals batting - Pitching for Austin River Sharks : RHP Carlos Hernández
Batting: RHB Barney Lawson 0-0: Ball
1-0: Called Strike
1-1: Swinging Strike
1-2: Ground out 5-3 (Groundball, 5)
Batting: SHB Walton Locke 0-0: Called Strike
0-1: Ball
1-1: Swinging Strike
1-2: Strikes out swinging, 2-3 out at first.
Batting: RHB Javier Rentería 0-0: Ball
1-0: Ball
2-0: Swinging Strike
2-1: Ball
3-1: Ground out 5-3 (Groundball, 56)
Top of the 3rd over - 0 runs, 0 hits, 0 errors, 0 left on base; Houston 0 - Austin 2
BOTTOM OF THE 3RD
Austin River Sharks batting - Pitching for Houston Marshals : LHP Stanley Inman
Batting: RHB Richard Coker 0-0: Called Strike
0-1: Foul Ball, location: 2F
0-2: Foul Ball, location: 2F
0-2: Foul Ball, location: 2F
0-2: Ball
1-2: Ball
2-2: Ball
3-2: Fly out, F9 (Line Drive, 9D)
Batting: RHB Andy Aiton 0-0: Ball
1-0: Swinging Strike
1-1: Fly out, F8 (Flyball, 8LM)
Batting: RHB Paul Swift 0-0: Ball
1-0: Called Strike
1-1: Ball
2-1: Ball
3-1: Base on Balls
Batting: RHB Tony Cruz 0-0: Swinging Strike
0-1: Foul Ball, location: 2F
0-2: Ball
1-2: Ball
2-2: Strikes out swinging
Bottom of the 3rd over - 0 runs, 0 hits, 0 errors, 1 left on base; Houston 0 - Austin 2
TOP OF THE 4TH
Houston Marshals batting - Pitching for Austin River Sharks : RHP Luis Trujillo
Pitching: RHP Luis Trujillo
Batting: LHB Sammy Marshall 0-0: DOUBLE (Flyball, 7LD)
Batting: SHB Juan Gómez 0-0: Ball
1-0: Called Strike
1-1: Ball
2-1: Fly out, F6 (Line Drive, 6M)
Batting: SHB Álex Rosado 0-0: Ball
1-0: Ball
2-0: Fly out, F7 (Flyball, 78XD)
Runner from 2nd tags up, SAFE at 3rd, no throw
Batting: RHB Esteban Lara 0-0: Ball
1-0: Ball
2-0: Foul Ball, location: 2F
2-1: Called Strike
2-2: Ground out 5-3 (Groundball, 56)
Top of the 4th over - 0 runs, 1 hit, 0 errors, 1 left on base; Houston 0 - Austin 2
BOTTOM OF THE 4TH
Austin River Sharks batting - Pitching for Houston Marshals : LHP Stanley Inman
Batting: RHB Tom Rowe 0-0: Called Strike
0-1: Called Strike
0-2: Ball
1-2: SINGLE (Groundball, 34S) (infield hit)
Batting: LHB Enrico Vargas 0-0: Ball
1-0: Ball
2-0: Foul Ball, location: 2F
2-1: TRIPLE (Flyball, 89XD)
Tom Rowe scores
Batting: LHB José Liñares 0-0: Ball
1-0: Foul Ball, location: 2F
1-1: Swinging Strike
1-2: Strikes out swinging
Batting: LHB Dave Watt 0-0: Called Strike
0-1: Ground out U3 (Groundball, 34)
Enrico Vargas scores
Batting: SHB Ramiro Medrano 0-0: Called Strike
0-1: Fly out, F8 (Flyball, 8RS)
Bottom of the 4th over - 2 runs, 2 hits, 0 errors, 0 left on base; Houston 0 - Austin 4
TOP OF THE 5TH
Houston Marshals batting - Pitching for Austin River Sharks : RHP Luis Trujillo
Batting: RHB Marvin Johnson 0-0: Ball
1-0: Ground out 5-3 (Groundball, 56)
Batting: LHB Bernardo Morales 0-0: Ball
1-0: Fly out, F7 (Line Drive, 78M)
Batting: RHB Barney Lawson 0-0: Swinging Strike
0-1: Ball
1-1: Reached on error, E5 (Groundball, 5L)
Batting: SHB Walton Locke 0-0: Called Strike
0-1: Ball
1-1: Ball
2-1: Called Strike
2-2: Ball
3-2: Base on Balls
Barney Lawson to second
Batting: RHB Javier Rentería 0-0: Called Strike
0-1: Ground out 4-3 (Groundball, 4)
Top of the 5th over - 0 runs, 0 hits, 1 error, 2 left on base; Houston 0 - Austin 4
BOTTOM OF THE 5TH
Austin River Sharks batting - Pitching for Houston Marshals : LHP Stanley Inman
Batting: RHB Richard Coker 0-0: Called Strike
0-1: Ball
1-1: Ball
2-1: Ground out 4-3 (Groundball, 4)
Batting: RHB Andy Aiton 0-0: Fly out, F9 (Flyball, 9LS)
Batting: RHB Paul Swift 0-0: Foul Ball, location: 2F
0-1: Ground out 4-3 (Groundball, 4)
Bottom of the 5th over - 0 runs, 0 hits, 0 errors, 0 left on base; Houston 0 - Austin 4
TOP OF THE 6TH
Houston Marshals batting - Pitching for Austin River Sharks : RHP Luis Trujillo
Batting: LHB Sammy Marshall 0-0: Called Strike
0-1: Ball
1-1: Foul Ball, location: 2F
1-2: Fly out, F8 (Flyball, 8LXD)
Batting: SHB Juan Gómez 0-0: Ball
1-0: Ball
2-0: Ground out 6-3 (Groundball, 6)
Batting: SHB Álex Rosado 0-0: Swinging Strike
0-1: Fly out, F7 (Flyball, 7S)
Top of the 6th over - 0 runs, 0 hits, 0 errors, 0 left on base; Houston 0 - Austin 4
BOTTOM OF THE 6TH
Austin River Sharks batting - Pitching for Houston Marshals : LHP Stanley Inman
Batting: RHB Tony Cruz 0-0: Called Strike
0-1: Ball
1-1: Hit by Pitch
Batting: RHB Tom Rowe 0-0: Ball
1-0: Foul Ball, location: 2F
1-1: Hit by Pitch
Tony Cruz to second
Pitching: RHP Ron Scott
Batting: LHB Enrico Vargas 0-0: Called Strike
0-1: Ball
1-1: Called Strike
1-2: Ball
2-2: Foul Ball, location: 2F
2-2: SINGLE (Flyball, 8RS)
Tony Cruz to third
Tom Rowe to second
Batting: LHB José Liñares 0-0: Grounds into double play, 5-4-3 (Groundball, 5)
Tony Cruz scores
Tom Rowe to third
Batting: LHB Dave Watt 0-0: Swinging Strike
0-1: Ball
1-1: Foul Ball, location: 2F
1-2: Ball
2-2: Strikes out swinging
Bottom of the 6th over - 1 run, 1 hit, 0 errors, 1 left on base; Houston 0 - Austin 5
TOP OF THE 7TH
Houston Marshals batting - Pitching for Austin River Sharks : RHP Luis Trujillo
Pitching: RHP Bernardo Romero
Batting: RHB Esteban Lara 0-0: Foul Ball, location: 2F
0-1: Swinging Strike
0-2: Ball
1-2: Foul Ball, location: 2F
1-2: Strikes out swinging
Batting: RHB Marvin Johnson 0-0: Ground out 6-3 (Groundball, 6)
Batting: LHB Bernardo Morales 0-0: Called Strike
0-1: Foul Ball, location: 2F
0-2: Ball
1-2: Ball
2-2: Ball
3-2: Strikes out swinging
Top of the 7th over - 0 runs, 0 hits, 0 errors, 0 left on base; Houston 0 - Austin 5
BOTTOM OF THE 7TH
Austin River Sharks batting - Pitching for Houston Marshals : RHP Ron Scott
Batting: SHB Ramiro Medrano 0-0: Ball
1-0: Ball
2-0: Ball
3-0: Called Strike
3-1: Base on Balls
Batting: RHB Richard Coker 0-0: Ball
Ramiro Medrano steals 2nd base
1-0: Ground out 5-3 (Groundball, 56)
Batting: RHB Andy Aiton 0-0: Called Strike
0-1: Ball
1-1: SINGLE (Groundball, 4MD)
Ramiro Medrano to third
Batting: RHB Paul Swift 0-0: Ball
1-0: Called Strike
1-1: Called Strike
1-2: Ball
2-2: Grounds into double play, 1-6-3 (Groundball, 13S)
Bottom of the 7th over - 0 runs, 1 hit, 0 errors, 1 left on base; Houston 0 - Austin 5
TOP OF THE 8TH
Houston Marshals batting - Pitching for Austin River Sharks : RHP Bernardo Romero
Batting: RHB Barney Lawson 0-0: Ground out 1-3 (Groundball, 13)
Batting: SHB Walton Locke 0-0: Ground out 4-3 (Groundball, 4)
Batting: RHB Javier Rentería 0-0: Ball
1-0: Ball
2-0: Foul Ball, location: 2F
2-1: Ball
3-1: Ground out 6-3 (Groundball, 6)
Top of the 8th over - 0 runs, 0 hits, 0 errors, 0 left on base; Houston 0 - Austin 5
BOTTOM OF THE 8TH
Austin River Sharks batting - Pitching for Houston Marshals : RHP Ron Scott
Batting: RHB Tony Cruz 0-0: SOLO HOME RUN (Flyball, 7LD), Distance : 364 ft
Batting: RHB Tom Rowe 0-0: Fly out, F6 (Line Drive, 6)
Batting: LHB Enrico Vargas 0-0: Foul Ball, location: 2F
0-1: Foul Ball, location: 2F
0-2: Ball
1-2: Ground out 4-3 (Groundball, 4)
Batting: LHB José Liñares 0-0: Ball
1-0: Fly out, F8 (Line Drive, 8LXD)
Bottom of the 8th over - 1 run, 1 hit, 0 errors, 0 left on base; Houston 0 - Austin 6
TOP OF THE 9TH
Houston Marshals batting - Pitching for Austin River Sharks : RHP Bernardo Romero
Batting: LHB Sammy Marshall 0-0: Called Strike
0-1: Foul Ball, location: 2F
0-2: Strikes out looking
Batting: SHB Juan Gómez 0-0: Called Strike
0-1: Fly out, F7 (Flyball, 7)
Batting: SHB Álex Rosado 0-0: DOUBLE (Flyball, 78XD)
Batting: RHB Esteban Lara 0-0: Reached on error, E5 (Groundball, 5)
Álex Rosado scores
Batting: RHB Marvin Johnson 0-0: Ball
1-0: Foul Ball, location: 2F
1-1: Called Strike
1-2: Ball
2-2: Foul Ball, location: 2F
2-2: Strikes out looking
Top of the 9th over - 1 run, 1 hit, 1 error, 1 left on base; Houston 1 - Austin 6
Saturday, April 7th, 2018 - OOTP Baseball 18.8 Build 76